 Dungeon Crawl Stone Soup version 0.29.1-1-gd02db6906a (webtiles) character file.

Game seed: 17135113737969475902

3250 MajorAdolf the Fighter (level 9, -4/98 HPs)
             Began as a Naga Wanderer on Sept 30, 2022.
             Was an Initiate of Gozag.
             Slain by a vampire mosquito (8 damage)
             ... on level 7 of the Dungeon.
             The game lasted 00:15:45 (9535 turns).

MajorAdolf the Fighter (Naga Wanderer)              Turns: 9535, Time: 00:15:46

Health: -4/98      AC:  9    Str: 16    XL:     9   Next: 99%
Magic:  10/10      EV:  9    Int: 13    God:    Gozag
Gold:   280        SH:  5    Dex: 17    Spells: 9/10 levels left

rFire   . . .      SeeInvis +   s - +6 trident of Defilement {venom, rElec rC- Dex+4}
rCold   x . .      Faith    .   e - +0 buckler {AC+3}
rNeg    . . .      Spirit   .   d - +0 robe
rPois   +          Reflect  .   H - +0 helmet
rElec   +          Harm     .   (no cloak)
rCorr   .          Rampage  .   h - +0 pair of gloves
Will    +....                   (no barding)
Stlth   +++++.....              (no amulet)
HPRegen 0.26/turn               (no ring)
MPRegen 0.12/turn               (no ring)

@: very slow
A: AC +3, large, see invisible, deformed body, poison resistance, slowness 2,
spit poison 1, naga tail 1
a: Spit Poison, Renounce Religion, Potion Petition, Call Merchant, Bribe Branch


You were on level 7 of the Dungeon.
You worshipped Gozag.
Gozag was aware of your devotion.
You visited 2 branches of the dungeon, and saw 8 of its levels.
You also visited: Sewer.

You collected 353 gold pieces.
You paid 73 gold pieces to Gozag.

Inventory:

Hand Weapons
 a - a +0 dagger
 k - a +2 short sword of draining
 s - the +6 trident of Defilement (weapon) {venom, rElec rC- Dex+4}
   (You found it on level 4 of the Dungeon)

   It poisons the flesh of those it strikes.
   Dex:       It affects your dexterity (+4).
   rC:        It makes you vulnerable to cold.
   rElec:     It insulates you from electricity.
 v - a +4 short sword of speed
 y - a +1 dagger of speed
 F - a +4 hand axe
Missiles
 f - 70 stones
 w - a curare-tipped dart
Armour
 b - a +0 helmet
 d - a +0 robe (worn)
 e - a +0 buckler of protection (worn)
 h - a +0 pair of gloves (worn)
 H - a +0 helmet (worn)
Magical Staves
 j - a staff of poison
Jewellery
 A - an amulet of faith
Scrolls
 i - a scroll of brand weapon
 l - a scroll of poison
 q - 4 scrolls of identify
 t - 3 scrolls of fear
 u - a scroll of fog
 x - 4 scrolls of enchant armour
 B - a scroll of silence
Potions
 c - a potion of brilliance
 m - 2 potions of invisibility
 n - a potion of flight {unknown}
 p - a potion of berserk rage {unknown}
 r - a potion of attraction {unknown}
 z - a potion of heal wounds {unknown}
 D - a potion of resistance {unknown}
 E - a potion of haste {unknown}
 G - a potion of magic {unknown}
 I - a potion of degeneration {unknown}


   Skills:
 + Level 12.1 Fighting
 - Level 1.0 Armour
 - Level 1.0 Dodging
 - Level 10.4 Stealth
 - Level 2.6 Shields
 - Level 1.0 Spellcasting
 - Level 1.0 Translocations


You had 9 spell levels left.
You knew the following spells:

 Your Spells              Type           Power      Damage    Failure   Level
b - Summon Small Mammal   Summ           0%         N/A       34%         1

Your spell library contained the following spells:

 Spells                   Type           Power      Damage    Failure   Level
 Apportation              Tloc           6%         N/A       22%         1
 Necrotise                Necr           0%         1d4       34%         1
 Gell's Gravitas          Tloc           3%         N/A       56%         3
 Lesser Beckoning         Tloc           3%         N/A       56%         3
 Teleport Other           Tloc           3%         N/A       56%         3
 Dispersal                Tloc           1%         N/A       100%        6


Dungeon Overview and Level Annotations

Branches:
Dungeon (7/15)             Temple (1/1) D:6           Sewer (visited)

Altars:
Ashenzari
Cheibriados
Elyvilon
Gozag
Hepliaklqana
Kikubaaqudgha
Makhleb
Nemelex Xobeh
Okawaru
Qazlal
Sif Muna
Trog
Uskayaw
Vehumet
Wu Jian
Xom
Yredelemnul
Zin
The Shining One

Shops:
D:1 [[!*!


Innate Abilities, Weirdness & Mutations

Your serpentine skin is tough. (AC +3)
You have supernaturally acute eyesight. (SInv)
Armour fits poorly on your strangely shaped body.
Your system is resistant to poisons. (rPois)
You cover ground very slowly.
You can spit poison.
You have a snake-like lower body.


Message History

The vampire mosquito bites you but does no damage.
It was a potion of curing.
You feel better.
The vampire mosquito bites you but does no damage.
The vampire mosquito bites you!
* * * LOW HITPOINT WARNING * * *
The vampire mosquito draws strength from your injuries!
You feel better. The vampire mosquito barely misses you.
The vampire mosquito misses you.
Unknown command.
The vampire mosquito bites you!
* * * LOW HITPOINT WARNING * * *
The vampire mosquito draws strength from your injuries!
You block the vampire mosquito's attack.
The vampire mosquito bites you but does no damage.
You flicker for a moment.
You block the vampire mosquito's attack.
You flicker back into view.
The vampire mosquito bites you but does no damage.
The vampire mosquito bites you.
* * * LOW HITPOINT WARNING * * *
The vampire mosquito draws strength from your injuries!
The vampire mosquito bites you but does no damage.
The vampire mosquito buzzes angrily.
The vampire mosquito bites you.
* * * LOW HITPOINT WARNING * * *
The vampire mosquito draws strength from your injuries!
The vampire mosquito bites you.
* * * LOW HITPOINT WARNING * * *
The vampire mosquito draws strength from your injuries!
This is a scroll of acquirement!
Something appears before you!
You block the vampire mosquito's attack.
Unknown command.
Okay, then.
You feel better. The vampire mosquito bites you!
* * * LOW HITPOINT WARNING * * *
The vampire mosquito draws strength from your injuries!
The vampire mosquito bites you!
You die...
Your body crumbles into a pile of gold.

#.# #.......#
#.#
#...y...######
#.#
#...y...'.....
#.#
#.......######
#.# #####'###
#.# #.# #y#
#.# #y# #$#
#@# #.# #.#
#.# #.# #'#
#.# ... #.#
....# #.#
.....# #.#
......# #.#
#......# #.#
#..yo..#


You could see 2 vampire mosquitoes.

Vanquished Creatures
  Grinder (D:3)
  Sigmund (D:5)
  2 vampire mosquitoes (D:7)
  Menkaure (D:5)
  Edmund (D:4)
  Duvessa (D:4)
  3 water moccasins
  A sky beast (D:6)
  An ice beast (D:5)
  2 black bears
  2 ogres
  5 kobold brigands (Sewer)
  2 bullfrogs (D:6)
  A necrophage (D:5)
  3 scorpions
  Dowan (D:4)
  2 orc priests (D:5)
  A hound (D:7)
  A gnoll bouda (D:6)
  Natasha (thrice) (D:3)
  7 iguanas
  3 orc wizards (D:3)
  3 gnolls (D:6)
  10 adders
  A river rat (Sewer)
  A white imp (D:5)
  3 worms (Sewer)
  2 dart slugs
  20 orcs
  11 ball pythons
  9 endoplasms
  5 giant cockroaches
  6 goblins
  6 hobgoblins
  16 kobolds
  3 bats
  4 frilled lizards
  14 rats
159 creatures vanquished.

Vanquished Creatures (others)
  14 plants (D:2)
14 creatures vanquished.

Grand Total: 173 creatures vanquished

Notes
Turn   | Place    | Note
-------+----------+-------------------------------------------
     0 | D:1      | MajorAdolf the Naga Wanderer began the quest for the Orb.
     0 | D:1      | MajorAdolf set off with the following items: a +0 dagger, a
                  | +0 helmet, a potion of brilliance, a +0 robe, a +0 buckler
                  | of protection; and the following spell memorised:
                  | Apportation; and the following spells available to
                  | memorise: Lesser Beckoning.
     0 | D:1      | Reached XP level 1. HP: 18/18 MP: 2/2
    65 | D:1      | Found Feipoz's Armour Shop.
   383 | D:1      | Reached XP level 2. HP: 21/25 MP: 3/3
   579 | D:1      | Found Ecsaorae's Antique Armour Emporium.
   779 | D:1      | Learned a level 1 spell: Summon Small Mammal
   793 | D:1      | Found Kuhuboe's Distillery.
   798 | D:1      | Found Coajua's Distillery.
   802 | D:1      | Found Tookul's General Store.
   847 | D:1      | Reached skill level 5 in Stealth
  1137 | D:2      | Reached XP level 3. HP: 31/31 MP: 4/4
  1416 | D:2      | Found a faded altar of an unknown god.
  2095 | D:3      | Noticed Natasha
  2103 | D:3      | Killed Natasha
  2111 | D:3      | Reached XP level 4. HP: 18/38 MP: 5/5
  2115 | D:3      | Noticed Natasha
  2350 | D:3      | Killed Natasha
  2373 | D:3      | Noticed Natasha
  2383 | D:3      | Killed Natasha
  2840 | D:3      | Found a stormy altar of Qazlal.
  2976 | D:3      | Noticed Grinder
  2981 | D:3      | Paralysed by Grinder for 3 turns
  2986 | D:3      | Paralysed by Grinder for 3 turns
  3004 | D:3      | Killed Grinder
  3005 | D:3      | Reached skill level 10 in Stealth
  3005 | D:3      | Reached XP level 5. HP: 38/44 MP: 6/6
  3005 | D:3      | Reached XP level 6. HP: 45/51 MP: 7/7
  3575 | D:4      | Found a glowing silver altar of Zin.
  3626 | D:4      | Noticed Edmund
  3630 | D:4      | Killed Edmund
  3631 | D:4      | Reached skill level 3 in Fighting
  3631 | D:4      | Reached XP level 7. HP: 59/62 MP: 8/8
  3633 | D:4      | Identified the +6 trident of Defilement {venom, rElec rC-
                  | Dex+4}
  3650 | D:4      | Found a glowing drain.
  3700 | Sewer    | Entered a sewer
  3750 | Sewer    | Reached skill level 4 in Fighting
  3936 | Sewer    | Reached skill level 5 in Fighting
  4298 | Sewer    | Reached XP level 8. HP: 76/76 MP: 9/9
  4323 | Sewer    | Reached skill level 6 in Fighting
  4528 | D:4      | Noticed Duvessa
  4529 | D:4      | Noticed Dowan
  4742 | D:4      | Killed Duvessa
  4746 | D:4      | Killed Dowan
  4747 | D:4      | Reached skill level 7 in Fighting
  5606 | D:5      | Entered Level 5 of the Dungeon
  5617 | D:5      | Noticed Sigmund
  5637 | D:5      | Killed Sigmund
  5638 | D:5      | Reached skill level 8 in Fighting
  6417 | D:5      | Reached skill level 9 in Fighting
  6517 | D:5      | Reached XP level 9. HP: 91/91 MP: 10/10
  6797 | D:5      | Noticed Menkaure
  6804 | D:5      | Killed Menkaure
  6900 | D:5      | Found a glowing golden altar of the Shining One.
  7282 | D:5      | Reached skill level 10 in Fighting
  7383 | D:5      | Found a snail-covered altar of Cheibriados.
  7909 | D:6      | Found a staircase to the Ecumenical Temple.
  7920 | Temple   | Entered the Ecumenical Temple
  8060 | Temple   | Became a worshipper of Gozag Ym Sagoz the Greedy
  8101 | D:6      | Found a shimmering blue altar of Sif Muna.
  8162 | D:6      | Reached skill level 11 in Fighting
  9493 | D:7      | Reached skill level 12 in Fighting
  9533 | D:7      | HP: 4/98 [vampire mosquito (1)]
  9534 | D:7      | Identified a scroll of acquirement
  9534 | D:7      | Acquired 706 gold pieces
  9535 | D:7      | Slain by a vampire mosquito

Illustrated notes

Levels and vault maps discovered:
D:1:      doesnt_arrival_eight_statues, layout_basic, serial_shops,
          nicolae_shop_stone, shop, nicolae_shop_hallway_stairs, shop,
          nicolae_shop_crystal, minmay_tromino_v4_c
D:2:      layout_basic, dilly_ecumenical_altar_fadedgnrine
D:3:      layout_basic, nicolae_qazlal_general_emergency,
          minmay_misc_feat_doors, kennysheep_another_room, uniq_grinder,
          uniq_natasha
D:4:      layout_loops_cross, zin_scriptorium, gup_sewer_entry_glass,
          ebering_dispersal_statue_hall, uniq_duvessa, uniq_edmund
D:5:      layout_rooms, nicolae_tso_carved_into_rock,
          mainiacjoe_overflow_24_doors, minmay_liquid_box,
          chequers_serial_rivers_small_3, minmay_misc_feat_square,
          grunt_decor_junction, uniq_sigmund, uniq_menkaure
D:6:      layout_basic, mainiacjoe_overflow_tiny_flanked,
          minmay_temple_entry_wispy
D:7:      layout_basic, old_standard_altar
Temple:   eino_narrow_crystal_temple

Skill      XL: |  1  2  3  4  5  6  7  8  9 |
---------------+----------------------------+-----
Stealth        | 4 5 6 10 | 10.4
Fighting       | 3 5 9 12 | 12.1
Armour         | |  1.0
Dodging        | |  1.0
Shields        | |  2.6
Spellcasting   | |  1.0
Translocations | |  1.0

Action                   |  1- 3 |  4- 6 |  7- 9 || total
-------------------------+-------+-------+-------++-------
Melee: Dagger            |    25 |       |       ||    25
       Short sword       |    31 |    55 |    20 ||   106
       Trident           |       |       |   316 ||   316
 Abil: Spit Poison       |    23 |     9 |     7 ||    39
  Use: Scroll            |     3 |     4 |     4 ||    11
       Potion            |       |     2 |     7 ||     9
 Stab: Sleeping          |     7 |     7 |    23 ||    37
       Distracted        |       |       |     1 ||     1
Armor: Robe              |    18 |    12 |   196 ||   226
Dodge: Dodged            |    16 |    19 |   149 ||   184
Block: Buckler           |     8 |    10 |   116 ||   134
